 Dungeon Crawl Stone Soup version 0.21-a0-529-g8c7b3f5 (webtiles) character file.

62789 vishdafish the Cleaver (level 15, -9/85 HPs)
             Began as a Gargoyle Fighter on Dec 11, 2017.
             Was a High Priest of Okawaru.
             Mangled by a dire elephant (18 damage)
             ... on level 6 of the Lair of Beasts.
             The game lasted 01:10:37 (24652 turns).

vishdafish the Cleaver (Gargoyle Fighter)          Turns: 24652, Time: 01:10:38

Health: -9/85      AC: 29    Str: 21    XL:     15   Next: 7%
Magic:  24/24      EV: 20    Int: 14    God:    Okawaru [*****.]
Gold:   1928       SH:  0    Dex: 17    Spells: 15/26 levels left

rFire    + . .     SeeInvis .   K - +10 mace of Nightmares {distort, rF+ rN+ Int-5 Dex+5}
rCold    . . .     Gourm    .   (no shield)
rNeg     + + +     Faith    .   Z - +0 steam dragon scales of Arykulaimm {+Fly rN+ Stlth+}
rPois    ∞         Spirit   .   m - +1 helmet
rElec    +         Reflect  .   A - +2 cloak {MR+}
rCorr    .         Harm     .   j - +2 pair of gloves {Dex+3}
MR       ++...     Rnd*Tele +   (no boots)
Stlth    +++.......             (no amulet)
HPRegen  0.24/turn              (no ring)
MPRegen  0.19/turn              V - ring "Fubrod" {rElec Int+5}

@: no status effects
A: big wings, repulsion field 1, blurry vision 2, frail 1, negative energy
resistance 1, shaggy fur 1, electricity resistance, teleportitis 1, unbreathing,
petrification resistance, rot immunity, AC +11
a: Fly, Heroism, Finesse, Renounce Religion, Evoke Flight


You were on level 6 of the Lair of Beasts.
You worshipped Okawaru.
Okawaru was extremely pleased with you.
You were not hungry.

You visited 3 branches of the dungeon, and saw 19 of its levels.
You also visited: Sewer.

You collected 2115 gold pieces.
You spent 187 gold pieces at shops.

Inventory:

Hand Weapons
 o - a +7 hand axe of freezing
 H - a +4 flail of crushing
 K - the +10 mace of Nightmares (weapon) {distort, rF+ rN+ Int-5 Dex+5}
   (You found it on level 7 of the Dungeon)

   It warps and distorts space around it.
   Unwielding it can cause banishment or high damage.
   It affects your intelligence (-5).
   It affects your dexterity (+5).
   It protects you from fire.
   It protects you from negative energy.
Missiles
 b - 3 silver tomahawks
 O - 5 throwing nets (quivered)
Armour
 j - a +2 pair of gloves of dexterity (worn)
 m - a +1 helmet (worn)
 A - a +2 cloak of magic resistance (worn)
 Z - the +0 steam dragon scales of Arykulaimm (worn) {+Fly rN+ Stlth+}
   (Okawaru gifted it to you on level 3 of the Lair of Beasts)

   It protects you from negative energy.
   It lets you fly.
   It makes you more stealthy.
Jewellery
 l - an uncursed ring of protection from magic
 s - the ring "Harghi Ovvi" {rC++ MP+9}
   (You acquired it on level 4 of the Lair of Beasts)

   [ring of magical power]

   It greatly protects you from cold.
   It affects your magic capacity (+9).
 v - an uncursed ring of protection from fire
 I - a +5 ring of strength
 V - the ring "Fubrod" (right hand) {rElec Int+5}
   (You found it on level 2 of the Lair of Beasts)

   [ring of intelligence]

   It affects your intelligence (+5).
   It insulates you from electricity.
 X - an uncursed ring of resist corrosion
Wands
 d - a wand of disintegration (16)
 z - a wand of flame (6)
 L - a wand of polymorph (9)
 N - a wand of acid (19)
 R - a wand of iceblast (2)
 W - a wand of paralysis (11)
Scrolls
 e - 3 scrolls of enchant armour
 g - 4 scrolls of fog
 h - 4 scrolls of amnesia
 n - 5 scrolls of remove curse
 r - 2 scrolls of fear
 t - 7 scrolls of magic mapping
 u - 2 scrolls of enchant weapon
 y - 5 scrolls of teleportation
 B - 2 scrolls of blinking
 C - a scroll of vulnerability
 D - a scroll of summoning
 S - a scroll of silence
Potions
 a - a potion of cancellation
 c - 2 potions of heal wounds
 i - a potion of resistance
 q - 6 potions of flight
 E - a potion of might
 G - 3 potions of lignification
 M - a potion of brilliance
 P - a potion of degeneration
 Q - 2 potions of curing
 U - a potion of ambrosia
 Y - 2 potions of agility
Books
 p - a book of Misfortune

   Spells                             Type                      Level
   a - Confusing Touch                Hexes                        1
   b - Confuse                        Hexes                        3
   c - Gell's Gravitas                Translocation                3
   d - Petrify                        Transmutation/Earth          4
   e - Metabolic Englaciation         Hexes/Ice                    5
   f - Yara's Violent Unravelling     Hexes/Transmutation          5
 w - a book of Air

   Spells                             Type                      Level
   a - Shock                          Conjuration/Air              1
   b - Swiftness                      Charms/Air                   2
   c - Static Discharge               Conjuration/Air              3
   d - Airstrike                      Air                          4
   e - Lightning Bolt                 Conjuration/Air              5
 J - a book of Flames

   Spells                             Type                      Level
   a - Flame Tongue                   Conjuration/Fire             1
   b - Throw Flame                    Conjuration/Fire             2
   c - Conjure Flame                  Conjuration/Fire             3
   d - Inner Flame                    Hexes/Fire                   3
   e - Sticky Flame                   Conjuration/Fire             4
   f - Fireball                       Conjuration/Fire             5
 T - a book of Callings

   Spells                             Type                      Level
   a - Summon Small Mammal            Summoning                    1
   b - Call Imp                       Summoning                    2
   c - Call Canine Familiar           Summoning                    3
   d - Summon Guardian Golem          Hexes/Summoning              3
   e - Summon Lightning Spire         Summoning/Air                4
   f - Summon Ice Beast               Ice/Summoning                4
Comestibles
 f - 7 bread rations
 k - 6 royal jellies
 x - 26 fruits
 F - 8 meat rations


   Skills:
 + Level 11.5 Fighting
 * Level 12.8 Axes
 + Level 11.3 Armour
 + Level 8.3 Dodging
   Level 3.4 Shields
 - Level 6.2 Spellcasting
 * Level 3.3 Hexes
 * Level 3.3 Summonings
 - Level 6.1 Translocations
 - Level 7.1 Fire Magic
 - Level 6.0 Invocations


You had 15 spell levels left.
You knew the following spells:

 Your Spells              Type           Power        Failure   Level  Hunger
a - Gell's Gravitas       Tloc           ###.......   3%          3    ###....
b - Conjure Flame         Conj/Fire      ##......     11%         3    ###....
c - Throw Flame           Conj/Fire      ##....       5%          2    #......
d - Summon Guardian Gole  Hex/Summ       ##......     12%         3    ###....


Dungeon Overview and Level Annotations

Branches:
Dungeon (11/15)            Temple (0/1) D:7            Lair (6/6) D:11
 Shoals (0/4) Lair:3        Snake (0/4) Lair:3        Slime (0/5) Lair:6
    Orc (2/2) D:9             Elf (0/3) Orc:2

Altars:
Cheibriados
Fedhas
Hepliaklqana
Makhleb
Okawaru
Qazlal
Sif Muna
Wu Jian
Yredelemnul
Jiyva

Shops:
Orc:2 *[(:

Annotations:
Lair:3 exclusion: 2 oklob plants


Innate Abilities, Weirdness & Mutations

You are resistant to torment.
Your stone body is resilient. (AC +11)
You are immune to poison.
Your large and strong wings let you fly indefinitely.
You resist negative energy. (rN+)
You are resistant to electric shocks. (rElec)
You can survive without breathing.
You are immune to petrification.
You are immune to rotting.
You are surrounded by a mild repulsion field. (EV +2)
Scrolls take you longer to read.
You are frail. (-10% HP)
You are covered in fur. (AC +1)
You are occasionally teleported next to monsters.


Message History

The blast of calcifying dust hits you!
You hit the catoblepas.
The catoblepas is lightly wounded.
The catoblepas blinks!
The catoblepas gores you.
* * * LOW HITPOINT WARNING * * *
You see here an orc skeleton.
You hit the catoblepas.
The catoblepas is lightly wounded.
The catoblepas disappears!
You see here an orc skeleton.
You start resting.
The dire elephant tramples you!!
* * * LOW HITPOINT WARNING * * *
You stumble backwards!
You thump the dire elephant!
Space warps horribly around the dire elephant!
The dire elephant is severely wounded.
The dire elephant tramples you!!
You die...

##.....P.####
###............
##...÷.......##.
##P.......#######
#.....#####
##...###....
#.P..#...8.÷
#.YP##.8....
#@..#.÷....8
#..##...#
#.##....#.#
#.#......##.
#..÷........
♣...÷......÷
#....###...÷.
#....... #####
###.P##..


You could see a dire elephant.

Vanquished Creatures
  An orc warlord (Orc:1)
  Josephine (Lair:4)
  3 hydras
  Fannar (D:10)
  Harold (D:10)
  2 two-headed ogres
  Erica (D:11)
  3 death yaks (Lair:4)
  4 orc high priests
  Nergalle (D:10)
  6 orc knights
  Pikel (D:6)
  A deep elf mage (D:11)
  9 orc sorcerers
  An ugly thing (D:11)
  A manticore (D:11)
  3 elephants (Lair:4)
  A merfolk siren (Lair:3)
  6 black mambas
  A torpor snail (Lair:6)
  14 spiny frogs
  5 rime drakes
  2 komodo dragons
  4 polar bears
  4 trolls
  7 blink frogs (Lair:6)
  Grinder (D:6)
  7 hippogriffs
  A meliai zombie (D:11)
  5 wraiths
  A vampire (D:11)
  A spriggan (D:8)
  2 wyverns
  2 fire bats (Lair:4)
  68 yaks
  Menkaure (D:7)
  A hungry ghost (D:10)
  3 basilisks
  Edmund (D:6)
  4 wargs
  An acid dragon (D:11)
  13 porcupines
  5 sky beasts
  19 water moccasins
  4 ice beasts
  31 orc warriors
  4 necrophages
  6 black bears
  A phantom (D:6)
  17 wolves
  9 ogres
  2 centaurs
  11 crocodiles
  A big kobold (Sewer)
  20 bullfrogs
  A gnoll sergeant (D:7)
  A wyvern skeleton (D:9)
  6 scorpions
  5 wights
  7 electric eels
  3 howler monkeys (D:10)
  A bullfrog zombie (D:9)
  2 crimson imps
  7 hounds
  9 orc priests
  3 jellies
  3 bullfrog skeletons
  25 orc wizards
  2 centaur skeletons
  Terence (D:3)
  2 iguanas
  8 worker ants
  A hound skeleton (D:5)
  A mummy (D:9)
  8 gnolls
  25 adders
  3 river rats
  A shadow imp (D:7)
  4 worms
  7 leopard geckos
  74 orcs
  7 bats
  5 giant cockroaches
  9 goblins
  7 hobgoblins
  6 jackals
  5 quokkas
  A ball python skeleton (D:6)
  6 frilled lizards
  12 kobolds
  2 quokka zombies
  10 rats
  6 fungi
  2 plants (Lair:4)
614 creatures vanquished.

Vanquished Creatures (others)
  A death yak (Lair:6)
  An elephant (Lair:6)
  4 slaves (D:7)
  An orc wizard (Orc:2)
  An orc (D:7)
  35 fungi
  11 plants
54 creatures vanquished.

Grand Total: 668 creatures vanquished

Notes
Turn   | Place    | Note
-------+----------+-------------------------------------------
     0 | D:1      | vishdafish the Gargoyle Fighter began the quest for the Orb.
     0 | D:1      | Reached XP level 1. HP: 14/14 MP: 1/1
     2 | D:1      | Noticed a demigod
     2 | D:1      | Noticed a vine stalker
     4 | D:1      | Noticed a troll
     4 | D:1      | Noticed an octopode
     6 | D:1      | Noticed a centaur
     6 | D:1      | Noticed a halfling
     8 | D:1      | Noticed an ogre
     8 | D:1      | Noticed a minotaur
    10 | D:1      | Noticed a human
    10 | D:1      | Noticed a vampire
    12 | D:1      | Noticed a dwarf
    14 | D:1      | Noticed a merfolk
    14 | D:1      | Noticed a tengu
    16 | D:1      | Noticed a spriggan
    18 | D:1      | Noticed a draconian
    18 | D:1      | Noticed a felid
    20 | D:1      | Noticed a naga
    22 | D:1      | Noticed an elf
    22 | D:1      | Noticed a demonspawn
    24 | D:1      | Noticed a gargoyle
    24 | D:1      | Noticed a formicid
    26 | D:1      | Noticed a ghoul
    65 | D:1      | Found an iron altar of Okawaru.
    71 | D:1      | Became a worshipper of Warmaster Okawaru
    79 | D:1      | Reached skill level 2 in Axes
    79 | D:1      | Reached XP level 2. HP: 15/19 MP: 2/2
   847 | D:1      | Reached XP level 3. HP: 23/23 MP: 3/3
  1430 | D:2      | Reached XP level 4. HP: 28/29 MP: 4/4
  1698 | D:2      | Found a burning altar of Makhleb.
  1700 | D:2      | Noticed a balrug
  1856 | D:2      | Reached skill level 3 in Axes
  1856 | D:2      | Reached skill level 1 in Dodging
  1889 | D:3      | Reached XP level 5. HP: 25/33 MP: 5/5
  1927 | D:3      | Learned a level 3 spell: Gell's Gravitas
  2017 | D:3      | Found a deep blue altar of Sif Muna.
  2220 | D:3      | Noticed Terence
  2226 | D:3      | Killed Terence
  2234 | D:3      | Reached skill level 1 in Spellcasting
  2277 | D:3      | Reached * piety under Okawaru
  2277 | D:3      | Reached XP level 6. HP: 35/38 MP: 7/7
  2486 | D:3      | Found a snail-covered altar of Cheibriados.
  2486 | D:3      | Found a hazy altar of Hepliaklqana.
  2934 | D:4      | Noticed an orc warrior
  2952 | D:3      | Killed an orc warrior
  2952 | D:3      | Reached skill level 4 in Axes
  2952 | D:3      | Reached XP level 7. HP: 26/44 MP: 8/10
  3231 | D:4      | Found a glowing drain.
  3236 | Sewer    | Entered a sewer
  3316 | Sewer    | Found a white marble altar of Elyvilon.
  3489 | D:4      | Reached ** piety under Okawaru
  3540 | D:4      | Reached skill level 5 in Fighting
  3570 | D:5      | Entered Level 5 of the Dungeon
  3650 | D:5      | Reached XP level 8. HP: 42/49 MP: 12/12
  3654 | D:5      | Reached skill level 5 in Axes
  3654 | D:5      | Reached skill level 5 in Armour
  3654 | D:5      | Reached skill level 1 in Invocations
  3690 | D:5      | Found a basalt altar of Yredelemnul.
  4280 | D:5      | Found a stormy altar of Qazlal.
  4500 | D:6      | Reached *** piety under Okawaru
  4520 | D:6      | Gained mutation: Your muscles are strong. (Str +2) [mutagenic meat]
  4521 | D:6      | Gained mutation: You are occasionally teleported next to monsters. [mutagenic meat]
  4522 | D:6      | Gained mutation: You are covered in fur. (AC +1) [mutagenic meat]
  4523 | D:6      | Gained mutation: Your flesh is cold resistant. (rC+) [mutagenic meat]
  4524 | D:6      | Gained mutation: Scrolls take you a little longer to read. [mutagenic meat]
  4694 | D:6      | Reached skill level 6 in Axes
  4694 | D:6      | Reached XP level 9. HP: 55/55 MP: 13/13
  4849 | D:6      | Noticed Edmund
  4856 | D:6      | Killed Edmund
  4863 | D:6      | Noticed Grinder
  4868 | D:6      | Killed Grinder
  4871 | D:6      | Found an ornate altar of the Wu Jian Council.
  5278 | D:7      | Noticed Pikel
  5296 | D:6      | Killed Pikel
  5296 | D:6      | Reached skill level 5 in Invocations
  5323 | D:7      | Reached **** piety under Okawaru
  5401 | D:7      | Noticed Menkaure
  5426 | D:7      | Killed Menkaure
  5476 | D:7      | Found a staircase to the Ecumenical Temple.
  5840 | D:7      | Reached skill level 7 in Axes
  5858 | D:7      | Learned a level 3 spell: Conjure Flame
  5925 | D:7      | Got a translucent mace
  5973 | D:7      | Identified the +10 mace of Nightmares {distort, rF+ rN+ Int-5 Dex+5} (You found it on level 7 of the Dungeon)
  6150 | D:7      | Reached skill level 1 in Translocations
  6150 | D:7      | Reached XP level 10. HP: 61/61 MP: 14/14
  6468 | D:8      | Noticed a two-headed ogre
  6477 | D:8      | Killed a two-headed ogre
  7691 | D:9      | Reached ***** piety under Okawaru
  7699 | D:10     | Entered Level 10 of the Dungeon
  7903 | D:8      | Reached skill level 8 in Axes
  8063 | D:9      | Found a transporter.
  8439 | D:9      | Reached skill level 5 in Dodging
  8439 | D:9      | Reached XP level 11. HP: 64/68 MP: 15/15
  8442 | D:9      | Found a staircase to the Orcish Mines.
  8515 | D:9      | Found a transporter.
  8534 | D:9      | Gained mutation: Armour fits poorly on your strangely shaped body. [mutagenic meat]
  8535 | D:9      | Gained mutation: You tend to lose your temper in combat. [mutagenic meat]
  8589 | D:9      | Lost mutation: Your flesh is cold resistant. (rC+) [potion of mutation]
  8589 | D:9      | Lost mutation: Your muscles are strong. (Str +2) [potion of mutation]
  8589 | D:9      | Lost mutation: You tend to lose your temper in combat. [potion of mutation]
  8589 | D:9      | Lost mutation: Armour fits poorly on your strangely shaped body. [potion of mutation]
  8589 | D:9      | Gained mutation: You are frail. (-10% HP) [potion of mutation]
  8589 | D:9      | Gained mutation: You are surrounded by a mild repulsion field. (EV +2) [potion of mutation]
  8832 | D:9      | Received a gift from Okawaru
  9106 | D:10     | Noticed Fannar
  9142 | D:10     | Killed Fannar
  9365 | D:10     | Reached skill level 9 in Axes
  9614 | D:10     | Noticed Harold
  9630 | D:10     | Killed Harold
  9937 | D:11     | Noticed Nergalle
 10041 | D:11     | Noticed a spectral orc warlord
 10059 | D:10     | Killed Nergalle
 10083 | D:11     | Found a blossoming altar of Fedhas.
 10114 | D:11     | Reached skill level 5 in Spellcasting
 10128 | D:11     | Noticed a deep elf mage
 10138 | D:11     | Killed a deep elf mage
 10191 | D:11     | Noticed Erica
 10191 | D:11     | Noticed a two-headed ogre
 10193 | D:11     | Noticed a manticore
 10204 | D:11     | Killed a manticore
 10209 | D:11     | Reached ****** piety under Okawaru
 10214 | D:11     | Reached XP level 12. HP: 29/67 MP: 12/20
 10386 | D:11     | Killed a two-headed ogre
 10541 | D:11     | Reached skill level 10 in Axes
 10642 | D:11     | Killed Erica
 10715 | D:11     | Gained mutation: Scrolls take you longer to read. [mutagenic meat]
 10717 | D:11     | Gained mutation: You evolve. [mutagenic meat]
 10825 | D:11     | Found a staircase to the Lair.
 10963 | Lair:1   | Entered Level 1 of the Lair of Beasts
 11033 | Lair:1   | Received a gift from Okawaru
 11042 | Lair:1   | Got a transparent executioner's axe {god gift}
 11049 | Lair:1   | Identified the +0 executioner's axe of Light {venom, Dex+3 Stlth+} (Okawaru gifted it to you on level 1 of the Lair of Beasts)
 11141 | Lair:1   | Noticed a five-headed hydra
 11154 | Lair:1   | Killed a five-headed hydra
 11257 | Lair:1   | Reached skill level 5 in Translocations
 11651 | Lair:1   | Lost mutation: You evolve. [end of evolution]
 12421 | Lair:1   | Received a gift from Okawaru
 12424 | Lair:1   | Got a dazzling hand axe {god gift}
 12425 | Lair:1   | Identified the +1 hand axe "Tewu" {freeze, Int+4} (Okawaru gifted it to you on level 1 of the Lair of Beasts)
 12606 | Lair:2   | Got a faintly glowing tin ring
 12609 | Lair:2   | Identified the ring "Fubrod" {rElec Int+5} (You found it on level 2 of the Lair of Beasts)
 13029 | Orc:1    | Entered Level 1 of the Orcish Mines
 13472 | Lair:3   | Reached XP level 13. HP: 58/72 MP: 22/22
 13504 | Lair:3   | Found a staircase to the Snake Pit.
 13516 | Lair:3   | Reached skill level 1 in Fire Magic
 13569 | Lair:3   | Reached skill level 11 in Axes
 13874 | Lair:3   | Reached skill level 10 in Fighting
 13892 | Lair:3   | Found a staircase to the Shoals.
 14054 | Lair:3   | Received a gift from Okawaru
 14062 | Lair:3   | Reached skill level 10 in Armour
 14098 | Lair:3   | Got brightly glowing steam dragon scales {god gift}
 14109 | Lair:3   | Identified the +0 steam dragon scales of Arykulaimm {+Fly rN+ Stlth+} (Okawaru gifted it to you on level 3 of the Lair of Beasts)
 14622 | Lair:4   | Identified a scroll of acquirement
 14626 | Lair:4   | Got a serpentine turquoise ring
 14631 | Lair:4   | Identified the ring "Harghi Ovvi" {rC++ MP+9} (You acquired it on level 4 of the Lair of Beasts)
 14686 | Lair:4   | Noticed Josephine
 17219 | Orc:2    | Entered Level 2 of the Orcish Mines
 17220 | Orc:2    | Found Wenitiat's Book Boutique.
 17257 | Orc:1    | Reached skill level 5 in Fire Magic
 17560 | Orc:2    | Noticed an orc warlord
 17560 | Orc:2    | Found Hiuroura's Antique Weapon Boutique.
 17578 | Orc:2    | Paralysed by an orc sorcerer for 4 turns
 18812 | Orc:1    | Received a gift from Okawaru
 18836 | Orc:1    | Learned a level 2 spell: Throw Flame
 18865 | Orc:1    | Gained mutation: Your large and strong wings let you fly indefinitely. [Gargoyle growth]
 18865 | Orc:1    | Reached XP level 14. HP: 61/79 MP: 23/23
 19863 | Orc:1    | HP: 1/79 [orc warlord/uncursed dire flail (22)]
 20235 | Orc:1    | Killed an orc warlord
 20235 | Orc:1    | Reached skill level 12 in Axes
 20528 | Orc:2    | Found a staircase to the Elven Halls.
 20674 | Orc:2    | Found Xuosurew's Antique Armour Emporium.
 20984 | Orc:2    | Found Faocineu's General Store.
 21200 | Orc:2    | Bought a scroll of summoning for 142 gold pieces
 21200 | Orc:2    | Bought a potion of curing for 45 gold pieces
 22132 | Lair:4   | Killed Josephine
 22361 | Lair:4   | Learned a level 3 spell: Summon Guardian Golem
 22658 | Lair:5   | Reached skill level 1 in Hexes
 22658 | Lair:5   | Reached skill level 1 in Summonings
 23245 | Lair:6   | Entered Level 6 of the Lair of Beasts
 23308 | Lair:5   | Received a gift from Okawaru
 23995 | Lair:6   | Found a staircase to the Slime Pits.
 24300 | Lair:6   | Found a viscous altar of Jiyva.
 24392 | Lair:6   | Reached XP level 15. HP: 85/85 MP: 24/24
 24652 | Lair:6   | Mangled by a dire elephant

Vault maps used:
D:1:      kb_arrival_jail, hex_intersection, minmay_misc_feat_secret_circle,
          okawaru_ov_weapons_minmay
D:2:      first_bread, minivault_14, makhleb_altar_promises_db
D:3:      led_sif_book, gammafunk_temple_overflow_elements, uniq_terence
D:4:      gup_sewer_entry_bowl
D:5:      marbit_many_paths, nicolae_qazlal_eye_of_the_storm
D:6:      lemuel_doored_altar, uniq_grinder, uniq_edmund
D:7:      temple_fountains, uniq_pikel, uniq_menkaure
D:8:      the_bakery
D:9:      gammafunk_steamed_eel, erik_orc_2, serial_undead, serial_undead_a,
          serial_undead_f, serial_undead_e, serial_undead_c, serial_undead_d,
          serial_undead_f, minmay_misc_feat_ornament
D:10:     uniq_harold, uniq_fannar
D:11:     due_lair_maze_entry_diamond, basic_altar, uniq_erica, uniq_nergalle
Lair:2:   minivault_25, grunt_megastairs_1
Lair:3:   minmay_shoals_entry_lonely_mermaid, minmay_snake_entry_six_corridors,
          serial_bayou_ford_a, st_stairs_10, beast_lair_carwin_1,
          minmay_lair_oklob_chamber
Lair:4:   infiniplex_staircase_pool, grunt_megastairs_4, uniq_josephine
Lair:5:   minmay_lair_drake_nest, serial_bayou_shore_b,
          infiniplex_staircase_pool_2, lemuel_fruit_fields
Lair:6:   grunt_lair_end_beastmaster, slime_altar_1
Orc:2:    grunt_orc_gardens, grunt_orc_garden, grunt_orc_garden,
          grunt_orc_garden, grunt_orc_garden, serial_shops, bzr_in_the_mist,
          guppyfry_library_mini
Sewer:    sewer_kobolds

Skill      XL: |  1  2  3  4  5  6  7  8  9 10 11 12 13 14 |
---------------+-------------------------------------------+-----
Axes           | 2 3 4 6 7 8 9 10 11 12 | 12.8
Dodging        | 1 2 3 4 5 6 7 8 |  8.3
Fighting       | 4 5 6 7 8 9 10 11 | 11.5
Armour         | 4 5 6 7 8 9 10 11 | 11.3
Spellcasting   | 1 2 3 5 6 |  6.2
Invocations    | 4 6 |  6.0
Translocations | 1 4 6 |  6.1
Fire Magic     | 5 7 |  7.1
Hexes          | 3 |  3.3
Summonings     | 3 |  3.3
Shields        | |  3.4

Action                   |  1- 3 |  4- 6 |  7- 9 | 10-12 | 13-15 || total
-------------------------+-------+-------+-------+-------+-------++-------
Melee: War axe           |   147 |    85 |       |       |       ||   232
       Hand axe          |       |    73 |   261 |   681 |  1107 ||  2122
       Executioner's axe |       |       |       |    62 |       ||    62
       Flail             |       |       |       |     2 |     2 ||     4
       Punch             |       |       |       |       |    13 ||    13
       Mace              |       |       |       |       |    76 ||    76
Throw: Javelin           |       |     4 |       |       |       ||     4
 Cast: Gell's Gravitas   |       |       |       |       |     2 ||     2
       Throw Flame       |       |       |       |       |     7 ||     7
Invok: Heroism           |       |       |     2 |     6 |    18 ||    26
       Finesse           |       |       |       |     1 |     7 ||     8
Evoke: Wand              |       |       |       |    30 |     5 ||    35
  Use: Scroll            |       |     3 |     5 |    16 |     9 ||    33
       Potion            |       |       |       |    10 |     8 ||    18
 Stab: Sleeping          |       |       |       |     1 |     7 ||     8
       Petrified         |       |       |       |       |     4 ||     4
       Petrifying        |       |       |       |       |     1 ||     1
  Eat: Chunk             |     1 |     3 |    15 |    23 |    14 ||    56
       Bread ration      |       |     1 |       |     2 |     3 ||     6
       Fruit             |       |       |       |     2 |       ||     2
       Royal jelly       |       |       |       |       |     1 ||     1
       Meat ration       |       |       |       |       |     1 ||     1
Armor: Scale mail        |   120 |    82 |    21 |       |       ||   223
       Ring mail         |       |       |    76 |   352 |    54 ||   482
       Steam dragon scal |       |       |       |       |   349 ||   349
Dodge: Dodged            |    71 |    42 |    70 |   380 |   766 ||  1329
Block: Shield            |   109 |    81 |    84 |   274 |    54 ||   602

Table legend:
 A = Spawn XP
 B = Non-spawn XP
 C = Spawn XP percentage of total XP
 D = Spawn monster count
 E = Non-spawn monster count
 F = Spawn count percentage of total count
 G = Total turns spent on level
                    A         B        C        D         E        F      G
               +---------+---------+-------+---------+---------+-------+---------
         Total |       0 |   89699 |   0.0 |       0 |     608 |   0.0 | 24652
               +---------+---------+-------+---------+---------+-------+---------
           D:1 |       0 |      60 |   0.0 |       0 |      30 |   0.0 |  1175
           D:2 |       0 |      88 |   0.0 |       0 |      20 |   0.0 |   638
           D:3 |       0 |     399 |   0.0 |       0 |      25 |   0.0 |   990
           D:4 |       0 |     453 |   0.0 |       0 |      25 |   0.0 |   603
           D:5 |       0 |     695 |   0.0 |       0 |      16 |   0.0 |   876
           D:6 |       0 |    2027 |   0.0 |       0 |      25 |   0.0 |  1071
           D:7 |       0 |     985 |   0.0 |       0 |      24 |   0.0 |   849
           D:8 |       0 |    1828 |   0.0 |       0 |      12 |   0.0 |  1414
           D:9 |       0 |    5933 |   0.0 |       0 |      75 |   0.0 |  3072
          D:10 |       0 |    3957 |   0.0 |       0 |      19 |   0.0 |  1131
          D:11 |       0 |    8187 |   0.0 |       0 |      50 |   0.0 |  1077
        Lair:1 |       0 |    5227 |   0.0 |       0 |      24 |   0.0 |  1604
        Lair:2 |       0 |    2822 |   0.0 |       0 |      18 |   0.0 |   615
        Lair:3 |       0 |   10012 |   0.0 |       0 |      55 |   0.0 |  1644
        Lair:4 |       0 |    9390 |   0.0 |       0 |      29 |   0.0 |  1094
        Lair:5 |       0 |    7122 |   0.0 |       0 |      32 |   0.0 |  1238
        Lair:6 |       0 |   12987 |   0.0 |       0 |      44 |   0.0 |  1045
         Orc:1 |       0 |   10192 |   0.0 |       0 |      43 |   0.0 |  2886
         Orc:2 |       0 |    7197 |   0.0 |       0 |      30 |   0.0 |  1466
         Sewer |       0 |     138 |   0.0 |       0 |      12 |   0.0 |   164
               +---------+---------+-------+---------+---------+-------+---------
